 Dungeon Crawl Stone Soup version 0.29-a0-555-g3b24f45cc1 (webtiles) character file.

Game seed: 6926983675922018844

1960 quinnr the Zephyrmancer (level 9, -11/48 HPs)
             Began as a Tengu Air Elementalist on June 8, 2022.
             Was a Follower of Sif Muna.
             Killed from afar by an orc warrior (23 damage)
             ... with an iceblast
             ... on level 6 of the Dungeon.
             The game lasted 00:15:24 (8966 turns).

quinnr the Zephyrmancer (Tengu Air Elementalist)    Turns: 8966, Time: 00:15:25

Health: -11/48     AC:  4    Str:  9    XL:     9   Next: 19%
Magic:  2/14       EV: 15    Int: 20    God:    Sif Muna [*.....]
Gold:   431        SH:  0    Dex: 14    Spells: 6/13 levels left

rFire   . . .      SeeInvis .   z - +2 dagger (venom)
rCold   . . .      Faith    .   (no shield)
rNeg    + . .      Spirit   .   a - +0 robe
rPois   .          Reflect  .   (helmet restricted)
rElec   .          Harm     .   (no cloak)
rCorr   .          Rampage  .   C - +1 pair of gloves
Will    .....                   (boots unavailable)
Stlth   ++........              (no amulet)
HPRegen 0.16/turn               m - ring of wizardry
MPRegen 0.14/turn               r - ring of positive energy

@: flying quickly and evasively, quick
A: beak, talons 3, nimble flight
a: Renounce Religion, Channel Magic


You were on level 6 of the Dungeon.
You worshipped Sif Muna.
Sif Muna was aware of your devotion.
You visited 2 branches of the dungeon, and saw 7 of its levels.
You also visited: Sewer.

You collected 431 gold pieces.

Inventory:

Hand Weapons
 y - a +0 arbalest
 z - a +2 dagger of venom (weapon)
Missiles
 l - 5 poisoned darts
Armour
 a - a +0 robe (worn)
 o - a +0 pair of gloves
 C - a +1 pair of gloves (worn)
Jewellery
 i - a +4 ring of slaying
 m - a ring of wizardry (left hand)
 r - a ring of positive energy (right hand)
Wands
 n - a wand of polymorph (14)
 s - a wand of charming (5)
 D - a wand of flame (8)
Scrolls
 c - a scroll of vulnerability {unknown}
 d - a scroll of teleportation {unknown}
 f - 2 scrolls of fear {unknown}
 g - 2 scrolls of enchant weapon
 t - a scroll of summoning {unknown}
 w - a scroll of magic mapping
 B - a scroll of enchant armour {unknown}
Potions
 b - 3 potions of magic
 h - 4 potions of heal wounds {unknown}
 j - a potion of degeneration {unknown}
 k - a potion of mutation {unknown}
 p - a potion of attraction {unknown}
 q - a potion of brilliance
 u - a potion of berserk rage {unknown}
 v - 3 potions of invisibility
 x - a potion of haste
 A - a potion of might


   Skills:
 + Level 1.9 Fighting
 + Level 3.2 Dodging
 + Level 3.0 Stealth
 + Level 2.8 Spellcasting
 - Level 1.4 Conjurations
 - Level 14.1 Air Magic
 + Level 1.8 Evocations


You had 6 spell levels left.
You knew the following spells:

 Your Spells              Type           Power      Damage    Failure   Level
a - Shock                 Conj/Air       100%       1d9       1%          1
b - Static Discharge      Conj/Air       33%        N/A       1%          2
c - Airstrike             Air            28%        N/A       1%          4

Your spell library contained the following spells:

 Spells                   Type           Power      Damage    Failure   Level
 Swiftness                Air            56%        N/A       1%          3
 Freeze                   Ice            8%         1d3       6%          1
 Summon Small Mammal      Summ           8%         N/A       6%          1
 Conjure Flame            Conj/Fire      5%         6-21      13%         3
 Call Canine Familiar     Summ           2%         N/A       17%         3
 Confusing Touch          Hex            2%         N/A       17%         3
 Frozen Ramparts          Ice            4%         1d2       17%         3
 Ignite Poison            Fire/Tmut/Pois 2%         N/A       17%         3
 Summon Guardian Golem    Hex/Summ       2%         N/A       17%         3
 Hailstorm                Conj/Ice       5%         3d4       38%         4
 Sticky Flame             Conj/Fire      5%         2d3       38%         4
 Yara's Violent Unravell  Hex/Tmut       1%         3d3       82%         5
 Enfeeble                 Hex            1%         N/A       100%        7


Dungeon Overview and Level Annotations

Branches:
Dungeon (6/15)             Temple (1/1) D:6           Sewer (visited)

Altars:
Dithmenos
Elyvilon
Fedhas
Hepliaklqana
Kikubaaqudgha
Makhleb
Nemelex Xobeh
Okawaru
Qazlal
Ru
Sif Muna
Trog
Wu Jian
Xom
Yredelemnul

Shops:
D:1 [   D:2 (

Annotations:
D:5 3 runed translucent doors, turdburglar's ghost, novice DsFi


Innate Abilities, Weirdness & Mutations

You have a beak for a mouth.
You have claws for feet.
Your magical nature lets you fly swiftly and evasively.


Message History

The lightning grounds out.
The hound bites you.
* * * LOW HITPOINT WARNING * * *
Unknown command.
Unknown command.
Casting: Static Discharge (safe; 1% risk of failure)
Confirm with . or Enter, or press ? or * to list all spells.
The hound is struck by an arc of lightning.
The hound is heavily wounded.
You are struck by an arc of lightning.
* * * LOW HITPOINT WARNING * * *
The hound is struck by an arc of lightning.
The hound is almost dead.
The lightning grounds out.
The hound bites you.
* * * LOW HITPOINT WARNING * * *
The hound closely misses you.
Unknown command.
Unknown command.
You feel better. The hound barely misses you.
You hit the hound but do no damage.
The hound is poisoned.
The hound is almost dead.
The hound closely misses you. The hound bites you.
* * * LOW HITPOINT WARNING * * *
Unknown command.
The hound closely misses you.
You kill the hound!
Sif Muna accepts your kill.
The orc priest returns to its original shape as it dies.
A kobold brigand comes into view.
It is wielding a +0 short sword and quivering poisoned darts.
The kobold brigand shouts!
The orc warrior zaps a wand.
The mass of ice explodes!
The iceblast engulfs you!
* * * LOW HITPOINT WARNING * * *
You hear a shout!
You feel better.
The orc warrior zaps a wand.
The mass of ice explodes!
The iceblast engulfs you!
* * * LOW HITPOINT WARNING * * *
You feel better.
The orc warrior zaps a wand.
The mass of ice explodes!
The iceblast engulfs you!!
You die...

..# ...........#.##..##... #...
### ####....##.#.##..##... #...
########.##.##.#.##...##.######..
.........##.##.#.##.#.##.....J...
####..............(...##†#####...
..........≈≈≈≈≈..)...o...# #...
###.....≈≈≈≈≈≈≈≈≈......### #...
..#...≈≈≈≈≈≈≈≈≈≈≈≈≈.J#.## ##..
###..≈≈≈≈≈≈≈≈≈≈≈@≈≈≈K#..# #.#
#..≈≈≈≈≈≈...≈≈≈≈≈≈....# #.#
###..≈≈≈≈≈≈.>.≈≈≈≈≈≈....## #.#
.....≈≈≈≈≈≈...≈≈≈≈≈≈.....#
###...≈≈≈≈≈≈≈≈≈≈≈≈≈......##
#.....≈≈≈≈≈≈≈≈≈.......[.#
#.......≈≈≈≈≈)[.......#[##
##...........[......###..# #
########...........# ##.## #..


You could see an orc warrior, a kobold brigand and a jelly.

Vanquished Creatures
  An orc warrior (D:6)
  An ice beast (D:5)
  2 black bears (D:6)
  2 necrophages
  7 scorpions
  4 wights (D:6)
  3 howler monkeys
  7 hounds
  2 jellies (D:6)
  An orc priest (D:4)
  2 iguanas
  4 orc wizards
  A hell rat (Sewer)
  Robin (D:2)
  10 adders
  A river rat (D:4)
  A shadow imp (D:6)
  3 white imps
  2 ufetubi (D:5)
  A worm (D:4)
  2 dart slugs
  17 orcs
  7 ball pythons
  6 endoplasms
  7 giant cockroaches
  9 goblins
  4 hobgoblins
  4 jackals (D:2)
  6 kobolds
  3 quokkas
  7 bats
  5 frilled lizards
  6 rats
139 creatures vanquished.

Vanquished Creatures (others)
  4 fungi (D:2)
  12 plants (D:6)
  3 toadstools (D:2)
19 creatures vanquished.

Grand Total: 158 creatures vanquished

Notes
Turn   | Place    | Note
-------+----------+-------------------------------------------
     0 | D:1      | quinnr the Tengu Air Elementalist began the quest for the
                  | Orb.
     0 | D:1      | Reached XP level 1. HP: 10/10 MP: 4/4
    79 | D:1      | Found a faded altar of an unknown god.
   372 | D:1      | Reached XP level 2. HP: 15/15 MP: 0/6
   517 | D:1      | Reached skill level 5 in Air Magic
   821 | D:1      | Found Ysheq's Armour Emporium.
  1282 | D:2      | Reached XP level 3. HP: 19/19 MP: 3/7
  1670 | D:2      | Reached skill level 6 in Air Magic
  1787 | D:2      | Found Gasel's Antique Weapon Boutique.
  2147 | D:2      | Noticed Robin
  2149 | D:2      | Reached XP level 4. HP: 24/24 MP: 6/8
  2180 | D:2      | Killed Robin
  3379 | D:3      | Reached skill level 7 in Air Magic
  3622 | D:4      | Gained mutation: Your magical nature lets you fly swiftly
                  | and evasively. [Tengu growth]
  3622 | D:4      | Reached XP level 5. HP: 22/28 MP: 5/9
  3625 | D:4      | Learned a level 2 spell: Static Discharge
  3834 | D:4      | Learned a level 4 spell: Airstrike
  3851 | D:4      | Reached skill level 8 in Air Magic
  3911 | D:4      | Found a glowing drain.
  3920 | Sewer    | Entered a sewer
  4119 | Sewer    | Reached XP level 6. HP: 22/32 MP: 2/10
  4259 | D:4      | Reached skill level 9 in Air Magic
  4460 | D:4      | Found an ancient bone altar of Kikubaaqudgha.
  4770 | D:4      | Found a shimmering blue altar of Sif Muna.
  4773 | D:4      | Became a worshipper of Sif Muna the Loreminder
  4821 | D:4      | Reached skill level 10 in Air Magic
  4914 | D:4      | Reached XP level 7. HP: 36/36 MP: 7/11
  5378 | D:5      | Entered Level 5 of the Dungeon
  5928 | D:5      | Reached skill level 11 in Air Magic
  6204 | D:5      | Found a runed translucent gate.
  6205 | D:5      | Found a runed translucent gate.
  6207 | D:5      | Found a runed translucent gate.
  6236 | D:5      | Noticed turdburglar's ghost (novice DsFi)
  6283 | D:5      | Reached skill level 12 in Air Magic
  6283 | D:5      | Reached XP level 8. HP: 38/41 MP: 4/12
  6536 | D:5      | Found an iron altar of Okawaru.
  6761 | D:5      | Found a burning altar of Makhleb.
  7209 | D:6      | Reached skill level 13 in Air Magic
  7286 | D:6      | Found a staircase to the Ecumenical Temple.
  7461 | Temple   | Entered the Ecumenical Temple
  7821 | D:6      | Reached skill level 14 in Air Magic
  8561 | D:6      | Reached skill level 1 in Fighting
  8561 | D:6      | Reached skill level 1 in Evocations
  8561 | D:6      | Reached XP level 9. HP: 47/47 MP: 3/13
  8870 | D:6      | Reached * piety under Sif Muna
  8962 | D:6      | HP: 1/48 [orc warrior/iceblast (7)]
  8966 | D:6      | Killed from afar by an orc warrior

Illustrated notes

Levels and vault maps discovered:
D:1:      amcnicky_arrival_feature_with_door, layout_loops_ring, serial_shops,
          shop, chequers_ecumenical_altar_island, kennysheep_nondescript,
          amethyst_killhole, hex_medium, minmay_misc_feat_tiny
D:2:      layout_basic, serial_shops, shop, minmay_gold_behind_fungi, uniq_robin
D:3:      layout_basic
D:4:      layout_loops_ring, lemuel_blue_sif_altar,
          mainiacjoe_overflow_cross_hatched, cheibrodos_sewer_entry_sluice,
          nicolae_elevator_lobby_asterisk
D:5:      layout_cave_pods, makhleb_heckhound_becter, okawaru_trees_1,
          gammafunk_ghost_icy
D:6:      layout_basic, temple_pool_b, serial_bayou, serial_bayou_pond_b,
          serial_bayou_pond_e, serial_bayou_pond_d, serial_bayou_pond_b
Temple:   chequers_temple_sunken

Skill      XL: |  1  2  3  4  5  6  7  8  9 |
---------------+----------------------------+-----
Air Magic      | 5 6 7 8 10 12 14 | 14.1
Fighting       | 1 |  1.9
Evocations     | 1 |  1.8
Dodging        | 3 |  3.2
Stealth        | 3 |  3.0
Spellcasting   | |  2.8
Conjurations   | |  1.4

Action                   |  1- 3 |  4- 6 |  7- 9 || total
-------------------------+-------+-------+-------++-------
Melee: Unarmed           |    11 |     1 |       ||    12
       Kick              |     3 |     1 |       ||     4
       Peck              |     1 |       |     1 ||     2
       Dagger            |       |       |     2 ||     2
 Fire: Arbalest          |       |       |     1 ||     1
 Cast: Shock             |    82 |    95 |   152 ||   329
       Static Discharge  |       |    12 |    20 ||    32
       Airstrike         |       |       |    15 ||    15
Evoke: Wand              |       |       |     1 ||     1
  Use: Scroll            |       |     5 |     3 ||     8
       Potion            |       |     1 |     3 ||     4
Armor: Robe              |     6 |     6 |     6 ||    18
Dodge: Dodged            |    25 |    45 |    46 ||   116

Table legend: (Time is in decaauts)
 A = Elapsed time spent in this place.
 B = Non-inter-level travel time spent in this place.
 C = Inter-level travel time spent in this place.
 D = Time resting spent in this place.
 E = Time spent auto-exploring this place.
 F = Levels seen in this place.
 G = Mean time per level.
                   A        B        C        D        E       F      G
               +--------+--------+--------+--------+--------+-----+--------+
         Total |   8747 |   8648 |     99 |   1191 |   6372 |   8 | 1093.4 |
       Dungeon |   7328 |   7248 |     80 |    525 |   5684 |   6 | 1221.3 |
        Temple |   1088 |   1069 |     19 |    624 |    423 |   1 | 1088.0 |
         Sewer |    330 |    330 |      0 |     42 |    263 |   1 |  330.0 |
               +--------+--------+--------+--------+--------+-----+--------+

Top non-repeatable levels by time:
     D:4: 1840 daAuts
     D:2: 1594 daAuts
     D:5: 1200 daAuts
     D:1: 1173 daAuts
  Temple: 1088 daAuts
     D:3: 832 daAuts
     D:6: 685 daAuts
   Sewer: 330 daAuts
